 Dungeon Crawl Stone Soup version 0.21-a0-91-ga5031da (webtiles) character file.

29160 Ordine the Carver (level 13, -2/95 HPs)
             Began as an Octopode Fighter on June 28, 2017.
             Was the Champion of Okawaru.
             Slain by an elephant (7 damage)
             ... on level 4 of the Lair of Beasts.
             The game lasted 00:55:30 (15281 turns).

Ordine the Carver (Octopode Fighter)               Turns: 15281, Time: 00:55:31

Health: -2/95      AC:  1    Str: 31    XL:     13   Next: 43%
Magic:  35/35      EV:  2    Int: 11    God:    Okawaru [******]
Gold:   531        SH:  0    Dex: 18    Spells: 17/18 levels left

rFire    . . .     SeeInvis +   H - +1 scimitar (flame)
rCold    + . .     Gourm    .   b - +1 shield
rNeg     + + +     Faith    .   Q - +0 hat
rPois    ∞         Spirit   .   C - amulet of regeneration
rElec    .         Reflect  .   e - ring of flight
rCorr    +         Harm     .   a - +3 ring of evasion
MR       .....                  i - ring of magical power
Stlth    ++++......             m - ring of Xacvoh {Str+5 Dex+3 SInv Stlth+}
HPRegen  0.65/turn              A - ring of resist corrosion
MPRegen  0.24/turn              M - ring "Coudoirgh" {Str+6 Int+2}
                                N - ring "Lawo Rab" {rC+ MP+9}
                                (no ring)

@: petrified
A: almost no armour, stealthy swim, amphibious, 8 rings, constrict 8, camouflage
1, dopey 1, poison resistance, strong 2, gelatinous body 1
a: Heroism, Finesse, Renounce Religion, Evoke Flight


You were on level 4 of the Lair of Beasts.
You worshipped Okawaru.
Okawaru was exalted by your worship.
You were not hungry.

You visited 3 branches of the dungeon, and saw 15 of its levels.

You collected 1111 gold pieces.
You spent 580 gold pieces at shops.

Inventory:

Hand Weapons
 j - a +1 long sword of freezing
 H - a +1 scimitar of flaming (weapon)
Armour
 b - a +1 shield (worn)
 Q - a +0 hat (worn)
Magical Staves
 O - an uncursed staff of summoning
Jewellery
 a - a +3 ring of evasion (right tentacle)
 e - a ring of flight (left tentacle)
 i - a ring of magical power (on tentacle)
 m - the ring of Xacvoh (on tentacle) {Str+5 Dex+3 SInv Stlth+}
   (You acquired it on level 7 of the Dungeon)

   [ring of dexterity]

   It affects your strength (+5).
   It affects your dexterity (+3).
   It lets you see invisible.
   It makes you more stealthy.
 w - an uncursed amulet of magic regeneration
 y - an uncursed amulet of rage
 A - a ring of resist corrosion (on tentacle)
 C - an amulet of regeneration (around mantle)
 M - the ring "Coudoirgh" (on tentacle) {Str+6 Int+2}
   (You found it on level 2 of the Lair of Beasts)

   [ring of intelligence]

   It affects your strength (+6).
   It affects your intelligence (+2).
 N - the ring "Lawo Rab" (on tentacle) {rC+ MP+9}
   (You found it on level 2 of the Lair of Beasts)

   [ring of magical power]

   It protects you from cold.
   It affects your magic capacity (+9).
 R - an uncursed ring of ice
Wands
 c - a wand of scattershot (5/9)
 f - a wand of flame (32/48)
 q - a wand of digging (1/24)
 r - a wand of iceblast (1/15)
 v - a wand of polymorph (3/24)
 x - a wand of acid (15/15)
 J - a wand of random effects (18/48)
Scrolls
 k - 4 scrolls of enchant weapon
 l - 3 scrolls of blinking
 p - 9 scrolls of magic mapping
 t - 4 scrolls of teleportation
 u - 5 scrolls of remove curse
 z - 4 scrolls of amnesia
 E - a scroll of immolation
Potions
 n - a potion of haste
 o - 4 potions of brilliance
 B - 2 potions of curing
 F - a potion of cancellation
 G - a potion of magic
 I - a potion of ambrosia {unknown}
 K - a potion of lignification
 P - a potion of might
 T - a potion of heal wounds
 U - a potion of agility {unknown}
Books
 s - a book of Cantrips

   Spells                             Type                      Level
   a - Confusing Touch                Hexes                        1
   b - Animate Skeleton               Necromancy                   1
   c - Summon Small Mammal            Summoning                    1
   d - Apportation                    Translocation                1
Comestibles
 d - 9 bread rations
 g - 16 royal jellies
 h - 8 meat rations
 D - 2 chunks of flesh
 L - 10 fruits


   Skills:
 + Level 11.1 Fighting
 - Level 14.0 Long Blades
 + Level 7.5 Dodging
 + Level 10.1 Shields
 * Level 3.2 Spellcasting
 - Level 5.0 Translocations
 + Level 4.3 Invocations
 + Level 4.3 Evocations


You had 17 spell levels left.
You knew the following spells:

 Your Spells              Type           Power        Failure   Level  Hunger
a - Apportation           Tloc           ##....       6%          1    #......


Dungeon Overview and Level Annotations

Branches:
Dungeon (10/15)            Temple (1/1) D:5            Lair (4/6) D:8
 Spider (0/4) Lair:3
  Swamp: Lair:2-4    Shoals: Lair:2-4       Orc: D:9-12

Altars:
Ashenzari
Cheibriados
Dithmenos
Elyvilon
Fedhas
Gozag
Hepliaklqana
Kikubaaqudgha
Makhleb
Nemelex Xobeh
Okawaru
Qazlal
Ru
Sif Muna
Trog
Uskayaw
Vehumet
Wu Jian
Xom
Yredelemnul
Zin
The Shining One

Shops:
D:7 %%*   D:9 *


Innate Abilities, Weirdness & Mutations

You cannot wear most types of armour.
You are very stealthy in the water. (Stealth+)
You are amphibious.
You can wear up to eight rings at the same time.
You can use your tentacles to constrict eight enemies at once.
Your skin changes colour to match your surroundings (Stealth+).
Your rubbery body absorbs attacks. (AC +1, EV +1)
You are dopey. (Int -2)
Your system is resistant to poisons. (rPois)
Your muscles are very strong. (Str +4)


Message History

The elephant tramples you.
You hold your ground!
The elephant trunk-slaps you. The basilisk bites you!
The elephant tramples you!!
* * * LOW HITPOINT WARNING * * *
You hold your ground!
The elephant trunk-slaps you. The basilisk bites you.
* * * LOW HITPOINT WARNING * * *
The elephant tramples you.
* * * LOW HITPOINT WARNING * * *
You hold your ground!
The elephant trunk-slaps you but does no damage.
The basilisk bites you!
* * * LOW HITPOINT WARNING * * *
The elephant tramples you!
* * * LOW HITPOINT WARNING * * *
You hold your ground!
The elephant trunk-slaps you.
* * * LOW HITPOINT WARNING * * *
The basilisk bites you!
* * * LOW HITPOINT WARNING * * *
The elephant tramples you!
You die...

### ###.####
###....#.###
#.<........##
##Y..........# ###
#@l..........###..
##................
##................
#.................
#....)............
##................
#................
###..............
...##........P###.PP.


You could see an elephant and a basilisk.

Vanquished Creatures
  Fannar (Lair:3)
  A hydra (Lair:4)
  Harold (Lair:3)
  Erica (D:10)
  A two-headed ogre (D:10)
  Sonja (Lair:3)
  4 oklob plants (Lair:2)
  An ugly thing (D:8)
  2 cyclopes
  4 elephants (Lair:3)
  A manticore (D:9)
  Joseph (D:10)
  A black mamba (Lair:3)
  2 spiny frogs
  4 rime drakes
  7 komodo dragons
  A troll (D:5)
  11 blink frogs
  The ghost of Ordine the Shield-Bearer, an amateur OpFi (D:4)
  A polar bear (Lair:3)
  4 slime creatures (D:10)
  3 hippogriffs
  A redback (Lair:3)
  18 yaks
  A vampire (D:10)
  A wyvern (Lair:2)
  A basilisk (Lair:1)
  A hungry ghost (D:8)
  An acid dragon (D:9)
  8 water moccasins
  16 porcupines
  An orc warrior (D:8)
  An ice beast (D:6)
  A black bear (D:9)
  2 phantoms
  A sky beast (D:10)
  7 wolves (Lair:3)
  7 ogres
  4 centaurs
  12 crocodiles
  A big kobold (D:10)
  A wyvern zombie (D:9)
  13 bullfrogs
  2 scorpions
  8 killer bees
  2 bullfrog zombies
  7 crimson imps
  A howler monkey (D:9)
  A quasit (D:10)
  7 jellies
  2 bullfrog skeletons (D:6)
  A gnoll shaman (D:9)
  3 orc priests
  2 centaur skeletons
  3 hounds
  4 iguanas
  Natasha (thrice) (D:3)
  12 orc wizards
  5 worker ants
  2 hound zombies
  A hound skeleton (D:9)
  2 worker ant zombies
  19 adders
  19 gnolls
  5 oozes (D:8)
  2 adder zombies
  An adder skeleton (D:9)
  2 worms
  3 dart slugs
  9 leopard geckos
  22 orcs
  5 giant cockroaches
  12 goblins
  6 hobgoblins
  20 jackals
  8 kobolds
  5 quokkas
  12 bats
  7 frilled lizards
  A jackal zombie (D:8)
  7 rats
386 creatures vanquished.

Vanquished Creatures (others)
  An unseen horror (D:10)
  2 fungi
  4 plants (Lair:2)
7 creatures vanquished.

Grand Total: 393 creatures vanquished

Notes
Turn   | Place    | Note
-------+----------+-------------------------------------------
     0 | D:1      | Ordine the Octopode Fighter began the quest for the Orb.
     0 | D:1      | Reached XP level 1. HP: 16/16 MP: 1/1
   114 | D:1      | Reached XP level 2. HP: 19/21 MP: 2/2
   440 | D:1      | Reached XP level 3. HP: 26/26 MP: 3/3
   610 | D:2      | Reached skill level 3 in Long Blades
   720 | D:2      | Reached XP level 4. HP: 25/31 MP: 4/4
  1322 | D:2      | Found a shadowy altar of Dithmenos.
  1498 | D:3      | Noticed Natasha
  1506 | D:3      | Killed Natasha
  1506 | D:3      | Reached skill level 4 in Long Blades
  1506 | D:3      | Reached XP level 5. HP: 25/37 MP: 5/5
  1575 | D:3      | Noticed Natasha
  1587 | D:3      | Killed Natasha
  1770 | D:3      | Found a faded altar of an unknown god.
  1810 | D:3      | Noticed Natasha
  1813 | D:3      | Killed Natasha
  1975 | D:3      | Reached XP level 6. HP: 34/43 MP: 6/6
  2121 | D:3      | Learned a level 1 spell: Apportation
  2410 | D:4      | Found a sparkling altar of Nemelex Xobeh.
  2746 | D:4      | Reached skill level 5 in Long Blades
  2918 | D:4      | Noticed Ordine's ghost (amateur OpFi)
  2946 | D:4      | Killed Ordine's ghost
  2946 | D:4      | Reached XP level 7. HP: 8/49 MP: 7/7
  3214 | D:4      | Reached skill level 6 in Long Blades
  3250 | D:4      | Reached skill level 10 in Long Blades
  3250 | D:4      | Reached XP level 8. HP: 61/61 MP: 8/8
  3607 | D:5      | Entered Level 5 of the Dungeon
  3852 | D:5      | Noticed a troll
  3863 | D:5      | Killed a troll
  3915 | D:5      | Found a burning altar of Makhleb.
  4039 | D:5      | Found a staircase to the Ecumenical Temple.
  4047 | Temple   | Entered the Ecumenical Temple
  4147 | Temple   | Became a worshipper of Warmaster Okawaru
  4836 | D:6      | Reached XP level 9. HP: 66/66 MP: 9/9
  4859 | D:6      | Reached skill level 11 in Long Blades
  5139 | D:6      | Found a shadowy altar of Dithmenos.
  5592 | D:6      | Reached * piety under Okawaru
  6406 | D:7      | Found Veih's Food Boutique.
  6482 | D:7      | HP: 5/100 [hippogriff (2)]
  6485 | D:7      | HP: 1/100 [bullfrog (4)]
  6951 | D:7      | Found Xauhadeb's Assorted Antiques.
  6973 | D:7      | Bought a glowing steel ring for 115 gold pieces
  6973 | D:7      | Bought a scroll labeled SUMOHO EKIXILI for 23 gold pieces
  6973 | D:7      | Bought a scroll labeled SUOSKI UHIUNIU for 23 gold pieces
  6973 | D:7      | Bought a scroll labeled XEDEDD XOICU for 23 gold pieces
  6973 | D:7      | Bought a scroll of identify for 46 gold pieces
  6977 | D:7      | Got a faintly glowing bronze ring
  7115 | D:7      | Identified the ring of Xacvoh {Str+5 Dex+3 SInv Stlth+} (You acquired it on level 7 of the Dungeon)
  7337 | D:7      | Found Gonkello's Food Shoppe.
  8020 | D:8      | Found a hazy altar of Hepliaklqana.
  8113 | D:8      | Reached XP level 10. HP: 73/73 MP: 10/10
  8121 | D:8      | Reached ** piety under Okawaru
  8135 | D:8      | Found a staircase to the Lair.
  8186 | D:8      | Noticed a cyclops
  8203 | D:8      | Killed a cyclops
  8795 | D:8      | Reached skill level 12 in Long Blades
  9362 | D:9      | Found a sacrificial altar of Ru.
  9365 | D:9      | Noticed a manticore
  9376 | D:9      | Gained mutation: You are partially covered in thin metallic scales. (AC +2) [potion of mutation]
  9376 | D:9      | Gained mutation: You expend magic power (3 MP) to strengthen your wands. [potion of mutation]
  9376 | D:9      | Gained mutation: Your mind is acute. (Int +2) [potion of mutation]
  9537 | D:9      | Noticed a cyan ugly thing
  9620 | Lair:1   | Entered Level 1 of the Lair of Beasts
  9895 | Lair:1   | Reached *** piety under Okawaru
  9964 | Lair:1   | Noticed a spiny frog
 10242 | D:8      | Killed a cyan ugly thing
 10358 | D:9      | Reached XP level 11. HP: 75/80 MP: 11/11
 10401 | D:9      | Found a stormy altar of Qazlal.
 10419 | D:9      | Found Alluywuj's Assorted Antiques.
 10442 | D:9      | Bought a scroll labeled VYOFAA PAC NAI for 20 gold pieces
 10442 | D:9      | Bought a potion of mutation for 160 gold pieces
 10442 | D:9      | Bought a potion of heal wounds for 100 gold pieces
 10442 | D:9      | Bought a scroll of immolation for 70 gold pieces
 10532 | D:9      | Found a hide-covered altar of Uskayaw.
 10535 | D:9      | Noticed a dagger
 10536 | D:9      | Noticed a hand axe
 10621 | D:9      | Reached **** piety under Okawaru
 10723 | D:9      | Killed a manticore
 11182 | D:10     | Entered Level 10 of the Dungeon
 11202 | D:10     | Noticed Erica
 11210 | D:10     | Killed Erica
 11210 | D:10     | Reached skill level 13 in Long Blades
 11464 | D:10     | Reached skill level 5 in Dodging
 11607 | D:10     | Noticed a two-headed ogre
 11614 | D:10     | Lost mutation: You are partially covered in thin metallic scales. (AC +2) [potion of mutation]
 11614 | D:10     | Gained mutation: You tend to lose your temper in combat. [potion of mutation]
 11614 | D:10     | Gained mutation: One of your tentacles bears a spike. [potion of mutation]
 11614 | D:10     | Gained mutation: Your muscles are strong. (Str +2) [potion of mutation]
 11648 | D:10     | Reached ***** piety under Okawaru
 11723 | D:10     | Reached skill level 10 in Fighting
 11764 | D:10     | Noticed Joseph
 11770 | D:10     | Killed Joseph
 11981 | D:10     | Killed a two-headed ogre
 12091 | D:10     | Noticed a cyclops
 12091 | D:10     | Noticed an unseen horror
 12131 | D:10     | Killed an unseen horror
 12139 | D:10     | Killed a cyclops
 12380 | Lair:1   | Reached XP level 12. HP: 71/87 MP: 12/12
 12385 | Lair:1   | Lost mutation: You tend to lose your temper in combat. [potion of mutation]
 12385 | Lair:1   | Lost mutation: Your mind is acute. (Int +2) [potion of mutation]
 12385 | Lair:1   | Gained mutation: Scrolls take you a little longer to read. [potion of mutation]
 12385 | Lair:1   | Gained mutation: You are dopey. (Int -2) [potion of mutation]
 12385 | Lair:1   | Gained mutation: Your spells are a little harder to cast, but a little more powerful. [potion of mutation]
 12451 | Lair:1   | Received a gift from Okawaru
 12609 | Lair:1   | Lost mutation: One of your tentacles bears a spike. [potion of mutation]
 12609 | Lair:1   | Lost mutation: Scrolls take you a little longer to read. [potion of mutation]
 12609 | Lair:1   | Lost mutation: You expend magic power (3 MP) to strengthen your wands. [potion of mutation]
 12609 | Lair:1   | Lost mutation: Your spells are a little harder to cast, but a little more powerful. [potion of mutation]
 12609 | Lair:1   | Gained mutation: Your muscles are very strong. (Str +4) [potion of mutation]
 12609 | Lair:1   | Gained mutation: Your system is resistant to poisons. (rPois) [potion of mutation]
 12804 | Lair:2   | Reached skill level 14 in Long Blades
 12948 | Lair:2   | Reached skill level 1 in Translocations
 13149 | Lair:2   | Reached skill level 1 in Evocations
 13152 | Lair:2   | Reached skill level 1 in Invocations
 13697 | Lair:2   | Received a gift from Okawaru
 13753 | Lair:2   | Got a crude silver ring
 13761 | Lair:2   | Got a brightly glowing tin ring
 13788 | Lair:2   | Identified the ring "Coudoirgh" {Str+6 Int+2} (You found it on level 2 of the Lair of Beasts)
 13789 | Lair:2   | Identified the ring "Lawo Rab" {rC+ MP+9} (You found it on level 2 of the Lair of Beasts)
 13854 | Lair:3   | Reached ****** piety under Okawaru
 13868 | Lair:3   | Received a gift from Okawaru
 14035 | Lair:3   | Noticed Fannar
 14041 | Lair:3   | Killed Fannar
 14041 | Lair:3   | Reached skill level 5 in Translocations
 14041 | Lair:3   | Reached XP level 13. HP: 83/94 MP: 15/15
 14060 | Lair:3   | Noticed Sonja
 14068 | Lair:3   | Killed Sonja
 14127 | Lair:3   | Reached skill level 1 in Spellcasting
 14188 | Lair:3   | Noticed Harold
 14197 | Lair:3   | Killed Harold
 14592 | Lair:3   | Found a hole to the Spider Nest.
 14595 | Lair:3   | Reached skill level 10 in Shields
 15280 | Lair:4   | HP: 4/95 [basilisk (6)]
 15281 | Lair:4   | Slain by an elephant

Vault maps used:
D:1:      moated_graveyard_arrival, patterned_corridor
D:2:      lemuel_doored_altar
D:3:      kb_forest_paths, chequers_ecumenical_altar_simple, uniq_natasha
D:4:      nemelex_xobeh_ov_fountains_minmay, first_bread
D:5:      makhleb_blood_cavern_becter, minmay_temple_entry_glassed_door
D:6:      basic_altar, minivault_19
D:7:      serial_shops, nicolae_shop_statue_plus, shop_statue, shop
D:8:      overflow_temple_1_default, lair_entry_dummy,
          hangedman_little_slice_of_home, st_stairs_3
D:9:      hangedman_cross_cluster, nicolae_qazlal_general_emergency,
          dancing_weapons_uskayaw, serial_shops, nicolae_shop_overgrown_old_shop
D:10:     lightli_corner_chamber, uniq_joseph, uniq_erica
Temple:   minmay_temple_bridge_d
Lair:2:   infiniplex_staircase_pool, grunt_megastairs_4, lemuel_fruit_tree,
          minmay_lair_oklob_chamber
Lair:3:   spider_nest_entry_rubble, beast_lair_carwin_7, grunt_megastairs_1,
          uniq_fannar, uniq_harold, uniq_rupert, uniq_sonja
Lair:4:   minmay_shoals_entry_lonely_mermaid, st_stairs_5

Skill      XL: |  1  2  3  4  5  6  7  8  9 10 11 12 13 |
---------------+----------------------------------------+-----
Long Blades    | 3 4 5 10 11 12 13 14 | 14.0
Fighting       | 4 7 8 9 10 11 | 11.1
Shields        | 4 7 8 9 10 | 10.1
Dodging        | 6 7 |  7.5
Translocations | 5 |  5.0
Evocations     | 3 4 |  4.3
Invocations    | 3 4 |  4.3
Spellcasting   | 3 |  3.2

Action                   |  1- 3 |  4- 6 |  7- 9 | 10-12 | 13-15 || total
-------------------------+-------+-------+-------+-------+-------++-------
Melee: Long sword        |    53 |    37 |   101 |   239 |       ||   430
       Constrict         |    22 |    27 |    54 |    63 |     8 ||   174
       Tentacles         |    10 |    25 |    60 |   173 |    53 ||   321
       Scimitar          |       |    69 |   119 |   229 |   113 ||   530
       Kick              |       |       |       |    46 |       ||    46
Invok: Finesse           |       |       |       |       |     1 ||     1
Evoke: Wand              |       |       |       |     6 |       ||     6
  Use: Scroll            |     3 |     6 |    11 |     9 |     1 ||    30
       Potion            |       |     3 |     3 |     9 |     1 ||    16
 Stab: Sleeping          |     8 |     6 |     4 |    22 |     4 ||    44
       Distracted        |       |       |     1 |     2 |       ||     3
  Eat: Chunk             |       |     7 |    11 |    16 |     4 ||    38
       Bread ration      |       |       |     1 |     1 |       ||     2
Armor: Skin              |     4 |     7 |    18 |     8 |     3 ||    40
Dodge: Dodged            |    16 |    72 |   100 |   205 |    45 ||   438
Block: Shield            |    19 |     6 |    57 |   216 |    47 ||   345
       Buckler           |       |    10 |    25 |       |       ||    35
       Rpst.: Long sword |     7 |     7 |    18 |    23 |       ||    55
       Scimitar          |       |    16 |    27 |    39 |    10 ||    92
